 Dungeon Crawl Stone Soup version 0.31-a0-1570-g93c622d222 (webtiles) character file.

Game seed: 8218260796501301510

17 grandjackal the Ducker (level 2, 0/19 HPs)
             Began as a Tengu Monk on Jan 3, 2024.
             Slain by a hobgoblin (3 damage)
             ... on level 1 of the Dungeon.
             The game lasted 00:00:23 (112 turns).

grandjackal the Ducker (Tengu Monk)                  Turns: 112, Time: 00:00:24

Health: 0/19       AC:  2    Str: 11    XL:     2   Next: 62%
Magic:  3/3        EV: 13    Int: 10    God:
Gold:   12         SH:  0    Dex: 16    Spells: 1/1 levels left

rFire   . . .        a - +0 hand axe
rCold   . . .        d - orb {light}
rNeg    . . .        b - +0 robe
rPois   .            (helmet restricted)
rElec   .            (no cloak)
rCorr   .            (no gloves)
SInv    .            (boots unavailable)
Will    .....        (no amulet)
Stlth   +            (no ring)
HPRegen 0.23/turn    (no ring)
MPRegen 0.08/turn

%: acrobat
@: glowing
A: beak, talons 3, acrobatic
a: no special abilities


You were on level 1 of the Dungeon.
You visited 1 branch of the dungeon, and saw 1 of its levels.

You collected 12 gold pieces.

Inventory:

Hand Weapons
 a - a +0 hand axe (weapon)
Armour
 b - a +0 robe (worn)
 d - an orb of light (worn)
Scrolls
 f - 3 scrolls of enchant weapon {unknown}
Potions
 c - a potion of ambrosia
 e - a potion of brilliance {unknown}


   Skills:
 + Level 3.3 Fighting
 + Level 3.6 Axes
 + Level 3.6 Dodging


You had one spell level left.
You didn't know any spells.
Your spell library contained the following spells:

 Spells                   Type           Power      Damage    Failure   Level
 Slow                     Hex            0%         N/A       36%         1
 Confusing Touch          Hex            0%         N/A       75%         3
 Sigil of Binding         Hex            0%         N/A       75%         3
 Vampiric Draining        Necr           0%         2d6       75%         3


Dungeon Overview and Level Annotations

Branches:
Dungeon (1/15)

Altars:


Innate Abilities, Weirdness & Mutations

You have a beak for a mouth.
You have claws for feet.
You can magically evade attacks while moving or waiting.


Message History

You hit the kobold. You claw the kobold.
You kill the kobold!
You hit the hobgoblin.
You kill the hobgoblin!
You hit the kobold. You hit the hobgoblin.
The kobold hits you with a +0 short sword.
* * * LOW HITPOINT WARNING * * *
The hobgoblin hits you.
* * * LOW HITPOINT WARNING * * *
A hobgoblin comes into view.
Unknown command.
You completely miss the kobold. You peck the kobold.
You kill the kobold!
You completely miss the hobgoblin. You hit the dart slug.
The hobgoblin completely misses you. The dart slug misses you.
Unknown command.
You hit the dart slug.
You claw the dart slug, but do no damage.
The dart slug is heavily wounded.
You barely miss the hobgoblin. The hobgoblin closely misses you.
The dart slug bites you but does no damage.
Unknown command.
Unknown command.
You hit the dart slug. You claw the dart slug.
The dart slug is almost dead.
You hit the hobgoblin. The hobgoblin hits you.
* * * LOW HITPOINT WARNING * * *
Unknown command.
You hit the dart slug.
You kill the dart slug!
You hit the hobgoblin. The hobgoblin completely misses you.
Unknown command.
You hit the hobgoblin.
The hobgoblin is almost dead.
The hobgoblin closely misses you.
Unknown command.
You hit the hobgoblin.
You kill the hobgoblin!
You hit the hobgoblin but do no damage. The hobgoblin hits you.
You die...

.. #.# #..... #.#.#
#....# ## #.#.### #.....
.# #.#.#.## #....# .#
#......# #....#
.###†#.#.#####....+
............>#.†g)######
.#..............@)......
..........#..###.######.
.................# #
.............###.##.##..
.......#.###.##.........
#......#.# #.##.........
.......#.###.....##.###.
......†......##.## .#
###..........##.# #


You could see a hobgoblin.

Vanquished Creatures
  2 dart slugs (D:1)
  5 hobgoblins (D:1)
  A ball python (D:1)
  A bat (D:1)
  3 kobolds (D:1)
  A rat (D:1)
13 creatures vanquished.

Notes
Turn   | Place    | Note
-------+----------+-------------------------------------------
     0 | D:1      | grandjackal the Tengu Monk began the quest for the Orb.
     0 | D:1      | Reached XP level 1. HP: 14/14 MP: 2/2
    72 | D:1      | Reached XP level 2. HP: 19/19 MP: 3/3
   112 | D:1      | Slain by a hobgoblin

Illustrated notes

Levels and vault maps discovered:
D:1:      heliophobic_arrival_ceremonial_halls, layout_basic,
          hellmonk_ecumenical_altar_heavens_door

Action                     || total
---------------------------++-------
  Melee: Hand axe          ||    23
         Kick              ||     7
         Peck              ||     3
 Armour: Robe              ||    12
  Dodge: Dodged            ||    23

Table legend: (Time is in decaauts)
 A = Elapsed time spent in this place.
 B = Non-inter-level travel time spent in this place.
 C = Inter-level travel time spent in this place.
 D = Time resting spent in this place.
 E = Time spent auto-exploring this place.
 F = Levels seen in this place.
 G = Mean time per level.
                   A        B        C        D        E       F      G
               +--------+--------+--------+--------+--------+-----+--------+
         Total |    114 |    114 |      0 |      0 |     63 |   1 |  114.0 |
       Dungeon |    114 |    114 |      0 |      0 |     63 |   1 |  114.0 |
               +--------+--------+--------+--------+--------+-----+--------+

Top non-repeatable levels by time:
     D:1: 114 daAuts
